 Dungeon Crawl Stone Soup version 0.29.0-4-gdea44cf6ec (webtiles) character file.

Game seed: 15107947814770497390

30 qw the Chopper (level 3, -5/21 HPs)
             Began as a Tengu Warper on Aug 28, 2022.
             Killed from afar by Natasha (11 damage)
             ... with a magic dart
             ... on level 2 of the Dungeon.
             The game lasted 00:00:06 (1329 turns).

qw the Chopper (Tengu Warper)                       Turns: 1329, Time: 00:00:06

Health: -5/21      AC:  3    Str: 13    XL:     3   Next: 20%
Magic:  7/7        EV: 12    Int: 13    God:
Gold:   55         SH:  0    Dex: 13    Spells: 6/6 levels left

rFire   . . .      SeeInvis .   Y - +0 hand axe
rCold   . . .      Faith    .   (no shield)
rNeg    . . .      Spirit   .   b - +0 leather armour
rPois   .          Reflect  .   (helmet restricted)
rElec   .          Harm     .   (no cloak)
rCorr   .          Rampage  .   (no gloves)
Will    .....                   (boots unavailable)
Stlth   +.........              (no amulet)
HPRegen 0.07/turn               (no ring)
MPRegen 0.10/turn               (no ring)

@: no status effects
A: beak, talons 3
a: no special abilities


You were on level 2 of the Dungeon.
You visited 1 branch of the dungeon, and saw 2 of its levels.

You collected 55 gold pieces.


Innate Abilities, Weirdness & Mutations

You have a beak for a mouth.
You have claws for feet.


   Skills:
 - Level 2.0 Fighting
 + Level 3.9 Axes
 - Level 1.0 Throwing
 - Level 1.1 Armour
 - Level 2.1 Dodging
 - Level 2.0 Spellcasting
 - Level 2.4 Translocations


You had 6 spell levels left.
You didn't know any spells.
Your spell library contained the following spells:

 Spells                   Type           Power      Damage    Failure   Level
 Blink                    Tloc           14%        N/A       19%         2
 Gell's Gravitas          Tloc           7%         N/A       36%         3
 Lesser Beckoning         Tloc           7%         N/A       36%         3
 Teleport Other           Tloc           7%         N/A       36%         3
 Manifold Assault         Tloc           7%         N/A       98%         5

Inventory:

Hand Weapons
 e - a +0 mace
 Y - a +0 hand axe (weapon)
Armour
 b - a +0 leather armour (worn)
Scrolls
 a - a scroll of identify
Potions
 f - a potion of brilliance {unknown}
 g - a potion of lignification {unknown}

Dungeon Overview and Level Annotations

Branches:
Dungeon (2/15)

Altars:

Annotations:
D:2 Natasha


Message History

You hit Natasha but do no damage. Your kick misses Natasha.
Natasha drinks a potion.
Natasha seems to grow stronger.
You hit Natasha. Your kick misses Natasha.
Natasha is lightly wounded.
Natasha claws you but does no damage.
You hit Natasha. You claw Natasha.
Natasha is heavily wounded.
Natasha casts a spell at you. The magic dart hits you.
You barely miss Natasha.
Natasha is heavily wounded.
Natasha completely misses you.
You barely miss Natasha. You claw Natasha.
Natasha is almost dead.
You closely miss the hobgoblin.
Natasha mumbles some strange words.
The hobgoblin hits you.
Natasha stares at you and mumbles some strange words.
You resist with significant effort.
You miss Natasha.
Natasha is almost dead.
You closely miss the hobgoblin. The hobgoblin barely misses you.
Natasha stares at you and mumbles some strange words.
The magic dart hits you. The white imp gestures at you.
The puff of frost misses you.
You completely miss Natasha.
Natasha is severely wounded.
You closely miss the hobgoblin. The hobgoblin closely misses you.
Natasha claws you but does no damage. The white imp gestures at you.
The puff of frost misses you. The hobgoblin hits you.
You closely miss Natasha. Your kick misses Natasha. Your peck misses Natasha.
Natasha is severely wounded.
You hit the hobgoblin.
Natasha stares at you and mumbles some strange words.
The magic dart hits you!
Ouch! That really hurt!
You die...

#. #.######### ##
###.#..<....#..
......#.####.#.###
####.###...).....#
#
##.#.####.#.#.#.#
##.#####.# ....#
#.......##h..###
#.######.@.....#
#.# #.g..5.... #.#
#.......## ..#
###...### ...
....# .... ....#
... ....# ....#


You could see Natasha (strong), a white imp (summoned) and a hobgoblin.

Vanquished Creatures
  A dart slug (D:1)
  2 bats (D:1)
  2 endoplasms (D:1)
  3 goblins (D:1)
  3 jackals (D:1)
  A quokka (D:1)
  3 ball pythons (D:1)
  A frilled lizard (D:1)
  5 kobolds (D:1)
  5 rats
26 creatures vanquished.

Vanquished Creatures (others)
  A fungus (D:1)
  A plant (D:1)
2 creatures vanquished.

Grand Total: 28 creatures vanquished

Notes
Turn   | Place    | Note
-------+----------+-------------------------------------------
     0 | D:1      | qw the Tengu Warper began the quest for the Orb.
     0 | D:1      | Reached XP level 1. HP: 12/12 MP: 4/4
     0 | D:1      | 0 ||| qw: Version: 0.1-a-89-g26bdef1
     0 | D:1      | 0 ||| qw: Game counter: 1277
     0 | D:1      | 0 ||| qw: Always use a shield: true
     0 | D:1      | 0 ||| qw: God list: Okawaru
     0 | D:1      | 0 ||| qw: Allow faded altars: false
     0 | D:1      | 0 ||| qw: Do Orc after D:15 true
     0 | D:1      | 0 ||| qw: Do second Lair branch before Depths: true
     0 | D:1      | 0 ||| qw: Lair rune preference: random
     0 | D:1      | 0 ||| qw: Plans: Normal
     0 | D:1      | 0 ||| PLANNING D:1-11
   160 | D:1      | Reached XP level 2. HP: 17/17 MP: 6/6
   182 | D:1      | Reached skill level 3 in Axes
   730 | D:1      | 730 ||| Stepping ~*~*~tactically~*~*~ (hiding).
   832 | D:1      | 832 ||| Stepping ~*~*~tactically~*~*~ (hiding).
   839 | D:1      | Reached XP level 3. HP: 14/21 MP: 7/7
   971 | D:1      | Found a faded altar of an unknown god.
  1233 | D:1      | 1233 ||| READING 2 scrolls labelled LERUW ZIACH.
  1234 | D:1      | 1234 ||| DROPPING scroll of blinking.
  1321 | D:2      | Noticed Natasha
  1329 | D:2      | Killed from afar by Natasha

Levels and vault maps discovered:
D:1:      minmay_arrival_radiant_lines, layout_loops_ring,
          shapermc_ecumenical_altar_hornbeckon
D:2:      layout_loops_cross, kennysheep_potato, uniq_natasha

Skill      XL: |  1  2 |
---------------+-------+-----
Axes           | 3 |  3.9
Fighting       | |  2.0
Throwing       | |  1.0
Armour         | |  1.1
Dodging        | |  2.1
Spellcasting   | |  2.0
Translocations | |  2.4

Action                   || total
-------------------------++-------
Melee: Hand axe          ||    58
       Kick              ||     8
       Peck              ||     2
Throw: Boomerang         ||     7
  Use: Scroll            ||     1
Armor: Leather armour    ||    13
Dodge: Dodged            ||    44

Table legend:
 A = Non-vault XP
 B = Vault XP
 C = Vault XP percentage of total XP
 D = Non-vault monster count
 E = Vault monster count
 F = Vault count percentage of total count
                 A         B        C        D         E       F
            +---------+---------+-------+---------+---------+-------
      Total |      44 |       0 |   0.0 |      26 |       0 |   0.0
            +---------+---------+-------+---------+---------+-------
        D:1 |      43 |       0 |   0.0 |      25 |       0 |   0.0
        D:2 |       1 |       0 |   0.0 |       1 |       0 |   0.0
            +---------+---------+-------+---------+---------+-------
